AoeStats
← hebus107

Black Forest

509478132Analyzed
2v2 RM · 5d ago on Sep 26, 2026· 63m 47s· 4 players
Game mode
Random Map
Map size
Medium (4 player)
Population
200
Speed
Normal
Resources
Standard
Victory
Conquest
Starting age
Dark Age
Ending age
Imperial Age
RankedLock teamsTeams togetherTeam positionsShared explorationLock speedFull tech treeHidden civsTurbo modeCheats
Victory
Defeat
🇨🇭 Lithuanians · Switzerland
828
+17
🇫🇷 Spanish · France
812
+18
🇪🇸 Romans · Spain
877
-18
🇪🇸 Gurjaras · Spain
830
-17
pive_10_
0:27 Loom
11:08 Feudal Age
12:05 Double-Bit Axe
12:04 Horse Collar
21:12 Castle Age
20:21 Gold Mining
20:33 Stone Mining
23:36 Caravan
24:16 Squires
23:37 Pikeman
25:38 Bow Saw
26:21 Heavy Plow
27:17 Gold Shaft Mining
32:03 Imperial Age
30:12 Wheelbarrow
29:22 Town Watch
29:40 Scale Mail Armor
30:07 Man-at-Arms
32:23 Hand Cart
31:43 Long Swordsman
32:53 Forging
32:59 Chain Mail Armor
33:25 Conscription
33:46 Legionary
36:09 Town Patrol
37:00 Iron Casting
36:59 Heavy Scorpion
38:05 Ballistics
40:56 Chemistry
40:08 Fortified Wall
40:35 Ballistas
45:45 Blast Furnace
44:51 Scale Barding Armor
44:10 Halberdier
46:36 Comitatenses
MesadeIkea
2:38 Loom
11:16 Feudal Age
15:03 Wheelbarrow
14:59 Horse Collar
15:16 Double-Bit Axe
20:24 Castle Age
19:09 Stone Mining
21:45 Stone Shaft Mining
25:22 Husbandry
26:01 Forging
28:14 Hand Cart
29:43 Iron Casting
33:29 Imperial Age
33:46 Heavy Camel Rider
34:47 Town Watch
35:18 Gold Mining
35:44 Scale Barding Armor
36:41 Gold Shaft Mining
36:57 Conscription
36:54 Heavy Plow
38:35 Kshatriyas
40:11 Crop Rotation
40:01 Bow Saw
42:02 Chemistry
41:10 Town Patrol
45:09 Heated Shot
45:24 Scale Mail Armor
48:28 Chain Mail Armor
48:34 Chain Barding Armor
48:44 Elite Chakram Thrower
52:14 Plate Mail Armor
52:07 Bloodlines
54:34 Frontier Guards
54:04 Man-at-Arms
54:47 Fletching
54:58 Padded Archer Armor
55:35 Plate Barding Armor
55:51 Bodkin Arrow
55:21 Elite Shrivamsha Rider
55:43 Long Swordsman
57:45 Ballistics
60:20 Two-Handed Swordsman
hebus107
0:35 Loom
12:36 Feudal Age
13:04 Horse Collar
13:13 Double-Bit Axe
16:31 Wheelbarrow
17:49 Gold Mining
22:09 Castle Age
20:56 Stone Mining
22:51 Caravan
24:43 Stone Shaft Mining
24:27 Hand Cart
25:08 Bow Saw
28:37 Town Watch
29:52 Pikeman
30:32 Squires
32:26 Elite Skirmisher
33:12 Thumb Ring
33:45 Forging
33:36 Scale Mail Armor
37:01 Imperial Age
35:24 Heavy Plow
36:15 Ballistics
36:23 Murder Holes
38:58 Conscription
40:15 Town Patrol
42:32 Chemistry
42:02 Halberdier
50:16 Iron Casting
49:56 Chain Mail Armor
49:54 Elite Conquistador
52:41 Two-Man Saw
57:40 Blast Furnace
57:10 Plate Mail Armor
57:56 Fletching
58:07 Padded Archer Armor
59:32 Man-at-Arms
pigmeroid
0:54 Loom
11:50 Feudal Age
12:19 Horse Collar
12:27 Double-Bit Axe
18:56 Castle Age
19:53 Heavy Plow
27:22 Wheelbarrow
26:33 Town Watch
30:45 Hill Forts
31:23 Scale Mail Armor
31:35 Forging
34:01 Imperial Age
31:49 Hand Cart
31:38 Town Patrol
31:30 Pikeman
32:11 Squires
33:47 Elite Skirmisher
34:30 Halberdier
35:47 Conscription
35:28 Tower Shields
35:41 Thumb Ring
36:44 Fortified Wall
36:56 Ballistics
39:13 Chemistry
38:15 Elite Leitis
38:57 Fletching
39:08 Padded Archer Armor
39:46 Iron Casting
42:00 Bodkin Arrow
42:21 Leather Archer Armor
42:24 Chain Mail Armor
42:14 Scale Barding Armor
43:09 Onager
44:15 Bracer
44:46 Ring Archer Armor
Connection lost

Rejoining the realm…

Still unreachable

The connection could not be restored.

Session expired

The server has moved on; the page needs a fresh start.